 Dungeon Crawl Stone Soup version 0.24-a0-408-gcc1054c7ca (webtiles) character file.

Game seed: 5403619221150973893

25788 nikopol the Eclecticist (level 12, -2/62 HPs)
             Began as a Deep Elf Fire Elementalist on June 5, 2019.
             Was an Elder of Vehumet.
             Slain by a wolf (9 damage)
             ... on level 5 of the Lair of Beasts.
             The game lasted 00:46:04 (14969 turns).

nikopol the Eclecticist (DEFE)                     Turns: 14969, Time: 00:46:04

Health: -2/62      AC: 14    Str:  5    XL:     12   Next: 92%
Magic:  21/33      EV: 11    Int: 31    God:    Vehumet [****..]
Gold:   967        SH:  0    Dex: 19    Spells: 26/42 levels left

rFire    + + .     SeeInvis .   O - staff of fire
rCold    . . .     Gourm    .   (no shield)
rNeg     + . .     Faith    .   v - +1 ring mail of Elitism {rN+ Regen+ Int+2 Dex+4}
rPois    .         Spirit   .   u - +2 helmet {Int+3}
rElec    .         Reflect  .   (no cloak)
rCorr    .         Harm     .   g - +2 pair of gloves
MR       ++...                  (no boots)
Stlth    ++........             (no amulet)
HPRegen  0.60/turn              t - ring of protection from fire
MPRegen  0.23/turn              s - ring of protection from magic

@: frozen, very slow
A: no striking features
a: Renounce Religion


You were on level 5 of the Lair of Beasts.
You worshipped Vehumet.
Vehumet was greatly pleased with you.
You were not hungry.

You visited 3 branches of the dungeon, and saw 17 of its levels.

You collected 967 gold pieces.

Inventory:

Armour
 g - a +2 pair of gloves (worn)
 u - a +2 helmet of intelligence (worn)
 v - the +1 ring mail of Elitism (worn) {rN+ Regen+ Int+2 Dex+4}
   (You found it on level 4 of the Dungeon)

   It affects your intelligence (+2).
   It affects your dexterity (+4).
   It protects you from negative energy.
   It increases your rate of regeneration.
Magical Staves
 n - an uncursed staff of energy
 O - an uncursed staff of fire (weapon)
Jewellery
 s - a ring of protection from magic (right hand)
 t - a ring of protection from fire (left hand)
 H - a cursed -2 ring of strength {unknown}
 L - a +3 ring of strength {unknown}
 M - an uncursed ring of flight {unknown}
Wands
 h - a wand of iceblast (10)
 y - a wand of clouds (4)
 A - a wand of scattershot (2)
 B - a wand of flame (22)
 D - a wand of digging (5)
 I - a wand of polymorph (8)
 K - a wand of acid (7)
 P - a wand of random effects (22)
Scrolls
 b - a scroll of immolation
 d - a scroll of fog
 f - 8 scrolls of teleportation
 p - 3 scrolls of identify
 w - 2 scrolls of blinking {unknown}
 x - 4 scrolls of remove curse
 C - 2 scrolls of enchant armour
 E - a scroll of fear
 G - a scroll of random uselessness {unknown}
 J - a scroll of torment {unknown}
 Q - a scroll of silence {unknown}
Potions
 a - a potion of brilliance
 e - 5 potions of heal wounds
 i - 2 potions of lignification
 j - 4 potions of agility
 k - 2 potions of haste
 l - 3 potions of magic
 m - a potion of cancellation
 o - 4 potions of resistance
 q - 3 potions of curing
 r - 5 potions of flight
 z - 2 potions of might
 F - 3 potions of berserk rage
Comestibles
 c - 26 rations
 N - 6 chunks of flesh


   Skills:
 + Level 1.9 Fighting
 + Level 7.5 Armour
 + Level 4.2 Dodging
 + Level 4.1 Stealth
 + Level 15.5 Spellcasting
 + Level 12.0 Conjurations
 + Level 11.6 Fire Magic
 + Level 0.4 Air Magic
 + Level 0.4 Evocations


You had 26 spell levels left.
You knew the following spells:

 Your Spells              Type           Power        Failure   Level  Hunger
a - Flame Tongue          Conj/Fire      #####        1%          1    None
b - Throw Flame           Conj/Fire      ######       1%          2    None
c - Conjure Flame         Conj/Fire      #######.     1%          3    None
d - Sticky Flame          Conj/Fire      #######.     1%          4    None
e - Fireball              Conj/Fire      #######...   1%          5    None
f - Shock                 Conj/Air       ####         1%          1    None

Your spell library contained the following spells:

 Spells                   Type           Power        Failure   Level  Hunger
 Airstrike                Air            ####......   16%         4    None
 Magic Dart               Conj           ####         1%          1    None
 Sting                    Conj/Pois      ####         1%          1    None
 Inner Flame              Hex/Fire       ######..     1%          3    None
 Mephitic Cloud           Conj/Pois/Air  #####...     1%          3    None
 Venom Bolt               Conj/Pois      ######....   4%          5    None
 Apportation              Tloc           ###...       7%          1    None
 Confusing Touch          Hex            ###...       7%          1    None
 Infusion                 Chrm           ###.         7%          1    None
 Summon Butterflies       Summ           ###.....     7%          1    None
 Summon Small Mammal      Summ           ###.         7%          1    None
 Poisonous Vapours        Pois/Air       ####..       10%         2    None
 Blink                    Tloc           N/A          11%         2    None
 Call Imp                 Summ           ###.....     11%         2    None
 Shroud of Golubria       Chrm/Tloc      ###...       11%         2    None
 Slow                     Hex            ###.....     11%         2    None
 Song of Slaying          Chrm           ###.....     11%         2    None
 Olgreb's Toxic Radiance  Pois           ###.....     17%         4    None
 Call Canine Familiar     Summ           ###.....     21%         3    None
 Confuse                  Hex            ###.....     21%         3    None
 Gell's Gravitas          Tloc           ###.......   21%         3    None
 Lesser Beckoning         Tloc           ###.......   21%         3    None
 Regeneration             Chrm/Necr      ###.......   21%         3    None
 Spectral Weapon          Hex/Chrm       ###.....     21%         3    None
 Summon Guardian Golem    Hex/Summ       ###.....     21%         3    None
 Tukima's Dance           Hex            ###.....     21%         3    None
 Yara's Violent Unravell  Hex/Tmut       ###.......   41%         5    None
 Summon Lightning Spire   Summ/Air       ####....     52%         4    None
 Petrify                  Tmut/Erth      ###.....     56%         4    None
 Summon Ice Beast         Ice/Summ       ###.....     56%         4    None
 Agony                    Necr           ###.....     88%         5    None
 Alistair's Intoxication  Tmut/Pois      ###.....     88%         5    None
 Borgnjor's Vile Clutch   Necr/Erth      ###.......   88%         5    None
 Metabolic Englaciation   Hex/Ice        ###.......   88%         5    None
 Invisibility             Hex            ###.....     100%        6    ###....
 Simulacrum               Ice/Necr       ###.......   100%        6    ###....


Dungeon Overview and Level Annotations

Branches:
Dungeon (11/15)            Temple (1/1) D:4            Lair (5/6) D:9
 Shoals (0/4) Lair:2       Spider (0/4) Lair:3
  Slime: Lair:5-6       Orc: D:9-12

Altars:
Ashenzari
Cheibriados
Dithmenos
Elyvilon
Fedhas
Hepliaklqana
Kikubaaqudgha
Makhleb
Nemelex Xobeh
Okawaru
Qazlal
Ru
Sif Muna
Trog
Vehumet
Wu Jian
Yredelemnul
Zin
The Shining One

Annotations:
D:3 Terence


Message History

You kill the wolf!
Vehumet accepts your kill. The wolf bites you!
* * * LOW HITPOINT WARNING * * *
The wolf misses you. The wolf bites you but does no damage.
A rime drake comes into view.
The wolf bites you but does no damage.
The rime drake hisses angrily.
The wolf closely misses you. The wolf bites you but does no damage.
The hippogriff bites you but does no damage.
The hippogriff pecks you.
* * * LOW HITPOINT WARNING * * *
The hippogriff claws you but does no damage.
Found 25 arrows.
The rime drake breathes ice at you. The flash freeze hits you.
* * * LOW HITPOINT WARNING * * *
You are encased in ice.
The wolf bites you!
You die...

#..... ##....## ##...P.
# ###......#### ##(.....
..#.........#.###.......
#.......#.....##........
.....#...##....#........
..#.........##...P......
#...⌠..h⌠...#..#.......
#.....@h....†....#..P.#
#...⌠...H...#..#.#.###.
#..........#...#######.
....#.....#....## #...
#(..k##.......## ###.
###.........### #.+
##.......## #...
##...†#. +... ..$. ....


You could see a hippogriff, a rime drake and 2 wolves.

Vanquished Creatures
  2 hydras (Lair:1)
  A two-headed ogre (D:9)
  4 oklob plants (Lair:3)
  Joseph (D:8)
  6 elephants (Lair:4)
  A merfolk siren (Lair:2)
  A black mamba (Lair:4)
  5 spiny frogs
  2 rime drakes
  5 komodo dragons
  A troll (D:11)
  Grinder (D:3)
  4 blink frogs (Lair:1)
  3 hippogriffs
  2 basilisks
  33 yaks
  2 hungry ghosts
  Menkaure (D:4)
  3 wargs (D:9)
  5 water moccasins
  8 porcupines
  Duvessa (D:6)
  2 orc warriors
  An eye of draining (D:7)
  5 sky beasts
  7 ogres
  3 phantoms
  2 ice beasts
  A wolf (Lair:5)
  3 centaurs
  8 crocodiles
  4 big kobolds
  18 bullfrogs
  Dowan (D:6)
  A wyvern skeleton (D:8)
  4 scorpions
  12 killer bees
  6 wights
  7 howler monkeys
  5 crimson imps
  4 bullfrog zombies
  3 hounds
  A centaur zombie (D:7)
  4 centaur skeletons
  A jelly (D:5)
  5 orc priests
  3 bullfrog skeletons
  2 iguanas
  10 orc wizards
  11 worker ants
  A killer bee zombie (D:8)
  2 hound skeletons
  A howler monkey zombie (D:7)
  Robin (D:3)
  4 gnolls
  A howler monkey skeleton (D:9)
  10 adders
  3 shadow imps
  2 adder skeletons
  An adder zombie (D:6)
  A dart slug (D:1)
  2 leopard geckos
  22 orcs
  6 bats
  5 giant cockroaches
  6 goblins
  8 hobgoblins
  8 jackals
  3 quokkas
  A ball python (D:1)
  6 frilled lizards
  9 kobolds
  A quokka skeleton (D:4)
  A quokka zombie (D:5)
  8 rats
  5 plants (Lair:3)
344 creatures vanquished.

Vanquished Creatures (others)
  An orc wizard (D:9)
  A fungus (Lair:4)
  3 plants (Lair:4)
5 creatures vanquished.

Grand Total: 349 creatures vanquished

Notes
Turn   | Place    | Note
-------+----------+-------------------------------------------
     0 | D:1      | nikopol the Deep Elf Fire Elementalist began the quest for
                  | the Orb.
     0 | D:1      | Reached XP level 1. HP: 10/10 MP: 6/6
   145 | D:1      | Reached XP level 2. HP: 8/15 MP: 4/8
  1191 | D:2      | Reached XP level 3. HP: 19/19 MP: 7/10
  1664 | D:3      | Found a faded altar of an unknown god.
  1668 | D:3      | Noticed Terence
  1675 | D:3      | Learned a level 2 spell: Throw Flame
  1679 | D:3      | Learned a level 3 spell: Conjure Flame
  1740 | D:3      | Found a white marble altar of Elyvilon.
  1922 | D:3      | Reached skill level 4 in Spellcasting
  2169 | D:3      | Reached XP level 4. HP: 24/24 MP: 7/12
  2179 | D:3      | Learned a level 4 spell: Sticky Flame
  2255 | D:3      | Noticed Grinder
  2264 | D:3      | Killed Grinder
  2264 | D:3      | Reached skill level 5 in Spellcasting
  2264 | D:3      | Reached XP level 5. HP: 24/28 MP: 2/14
  2455 | D:3      | Found a sparkling altar of Nemelex Xobeh.
  2460 | D:3      | Found a burning altar of Makhleb.
  2469 | D:3      | Found a glowing golden altar of the Shining One.
  2513 | D:3      | Reached XP level 6. HP: 32/32 MP: 10/16
  2698 | D:3      | Noticed Robin
  2704 | D:3      | Killed Robin
  2845 | D:3      | Found a glowing silver altar of Zin.
  2846 | D:3      | Found a blossoming altar of Fedhas.
  3029 | D:4      | Got a diamond-encrusted ring mail
  3040 | D:4      | Identified the cursed +1 ring mail of Elitism {rN+ Regen+
                  | Int+2 Dex+4} (You found it on level 4 of the Dungeon)
  3076 | D:4      | Noticed Menkaure
  3182 | D:4      | Reached skill level 6 in Spellcasting
  3380 | D:4      | Reached skill level 1 in Armour
  3380 | D:4      | Reached skill level 5 in Fire Magic
  3402 | D:4      | Found a staircase to the Ecumenical Temple.
  3420 | Temple   | Entered the Ecumenical Temple
  3481 | Temple   | Became a worshipper of Vehumet
  3571 | D:4      | Reached XP level 7. HP: 36/36 MP: 15/19
  3656 | D:4      | Reached skill level 7 in Spellcasting
  3884 | D:4      | Found a basalt altar of Yredelemnul.
  4049 | D:4      | Killed Menkaure
  4049 | D:4      | Reached skill level 5 in Conjurations
  4049 | D:4      | Reached XP level 8. HP: 41/41 MP: 14/21
  4152 | D:4      | Learned a level 5 spell: Fireball
  4177 | D:5      | Entered Level 5 of the Dungeon
  4252 | D:5      | Reached * piety under Vehumet
  4252 | D:5      | Offered knowledge of Shock by Vehumet.
  4258 | D:5      | Reached skill level 8 in Spellcasting
  4579 | D:5      | Found a hazy altar of Hepliaklqana.
  5246 | D:6      | Reached skill level 9 in Spellcasting
  5322 | D:6      | Found a sacrificial altar of Ru.
  5541 | D:6      | Learned a level 1 spell: Shock
  5600 | D:6      | Reached ** piety under Vehumet
  5600 | D:6      | Reached XP level 9. HP: 20/45 MP: 18/24
  5670 | D:6      | Offered knowledge of Magic Dart by Vehumet.
  5692 | D:6      | Noticed Dowan
  5905 | D:6      | Found a shadowy altar of Dithmenos.
  5929 | D:6      | Noticed Duvessa
  5935 | D:6      | Killed Duvessa
  5942 | D:6      | Killed Dowan
  6316 | D:7      | Reached skill level 1 in Fighting
  6348 | D:7      | Reached skill level 10 in Spellcasting
  6646 | D:7      | Reached skill level 5 in Armour
  6734 | D:7      | Found an ornate altar of the Wu Jian Council.
  6742 | D:7      | Offered knowledge of Static Discharge by Vehumet.
  7326 | D:7      | Reached *** piety under Vehumet
  7328 | D:7      | Reached XP level 10. HP: 52/52 MP: 14/26
  7433 | D:7      | Found a bloodstained altar of Trog.
  7834 | D:8      | Noticed Joseph
  7837 | D:8      | Killed Joseph
  8430 | D:8      | Reached skill level 11 in Spellcasting
  8449 | D:8      | Found a shattered altar of Ashenzari.
  8746 | D:9      | Offered knowledge of Stone Arrow by Vehumet.
  9083 | D:9      | Found a staircase to the Lair.
  9142 | D:9      | Reached **** piety under Vehumet
  9279 | D:9      | You fall into a shaft and drop 2 floors!
  9360 | D:11     | Offered knowledge of Venom Bolt by Vehumet.
  9377 | D:10     | Entered Level 10 of the Dungeon
  9610 | D:10     | Reached XP level 11. HP: 56/56 MP: 26/28
  9837 | D:9      | Found an iron altar of Okawaru.
  9839 | D:9      | Noticed a two-headed ogre
  9851 | D:9      | Killed a two-headed ogre
  9851 | D:9      | Reached skill level 12 in Spellcasting
 10225 | Lair:1   | Entered Level 1 of the Lair of Beasts
 10231 | Lair:1   | Reached skill level 10 in Conjurations
 10378 | Lair:1   | Noticed a five-headed hydra
 10381 | Lair:1   | Killed a five-headed hydra
 10590 | Lair:1   | Identified Sif Muna's Catalogue of Aerial Stolen Souls
 10751 | Lair:1   | Reached skill level 10 in Fire Magic
 10896 | Lair:1   | Reached ***** piety under Vehumet
 10896 | Lair:1   | Reached skill level 13 in Spellcasting
 10897 | Lair:1   | Offered knowledge of Airstrike by Vehumet.
 11056 | Lair:1   | Noticed a four-headed hydra
 11060 | Lair:1   | Killed a four-headed hydra
 11502 | Lair:2   | Reached XP level 12. HP: 61/61 MP: 16/31
 11738 | Lair:2   | Found a staircase to the Shoals.
 12164 | Lair:2   | Reached skill level 14 in Spellcasting
 12648 | Lair:3   | Found a hole to the Spider Nest.
 13785 | Lair:4   | Reached skill level 15 in Spellcasting
 14969 | Lair:5   | Slain by a wolf

Levels and vault maps discovered:
D:1:      nicolae_arrival_washed_ashore, layout_rooms
D:2:      layout_basic
D:3:      layout_loops_corners, minitemple, gammafunk_temple_overflow_statue,
          chequers_ecumenical_altar_simple, first_ration, st_stairs_11,
          elyvilon_altar_3, uniq_terence, uniq_robin, uniq_grinder
D:4:      minmay_bubble_buster, layout_rooms, lemuel_coloured_pillars_altar,
          minmay_temple_entry_glassed_door, uniq_menkaure
D:5:      cheibrodos_thug_alley, layout_basic, old_standard_altar, st_stairs_13
D:6:      layout_basic, kennysheep_mini, basic_altar, uniq_duvessa
D:7:      hangedman_cross_stitches, layout_layer_cave, trog_eyes_of_draining,
          overflow_temple_1_default, hex_large
D:8:      layout_rooms, marbit_many_paths, uniq_joseph
D:9:      layout_basic, nicolae_overflow_crystal_walls,
          erik_lair_orcish_takeover
D:10:     cheibrodos_shockbox, layout_loops_ring
D:11:     layout_loops_cross, hangedman_ranch [blue_anna_fruit_fields],
          kennysheep_donut, minmay_microvault, uniq_urug
Temple:   jpeg_temple_alley_garden
Lair:1:   layout_gridlike, grunt_megastairs_1
Lair:2:   layout_hall_layers, minmay_shoals_entry_lonely_mermaid
Lair:3:   layout_big_grid, spider_nest_entry_web_field,
          minmay_lair_oklob_chamber, grunt_megastairs_4, lemuel_fruit_tree
Lair:4:   layout_cave_pods, gauntlet_entry_generic
Lair:5:   layout_roguey, dpeg_slime_entry_corner,
          chequers_serial_rivers_large_a, grunt_megastairs_2

Skill      XL: |  1  2  3  4  5  6  7  8  9 10 11 12 |
---------------+-------------------------------------+-----
Spellcasting   | 4 5 6 7 9 10 11 13 15 | 15.5
Fire Magic     | 4 5 6 7 8 10 11 | 11.6
Stealth        | 3 4 |  4.1
Conjurations   | 3 5 6 7 9 10 12 | 12.0
Armour         | 1 2 3 5 6 7 |  7.5
Dodging        | 3 4 |  4.2
Fighting       | 1 |  1.9
Air Magic      | |  0.4
Evocations     | |  0.4

Action                   |  1- 3 |  4- 6 |  7- 9 | 10-12 || total
-------------------------+-------+-------+-------+-------++-------
Melee: Staff             |       |       |    16 |       ||    16
 Cast: Flame Tongue      |    58 |    60 |   247 |   331 ||   696
       Throw Flame       |     5 |     7 |    22 |    21 ||    55
       Conjure Flame     |     1 |     1 |     3 |     5 ||    10
       Sticky Flame      |       |       |    39 |    62 ||   101
       Shock             |       |       |     4 |    14 ||    18
       Fireball          |       |       |     2 |    91 ||    93
Evoke: Wand              |       |       |    10 |       ||    10
  Use: Scroll            |       |    10 |     5 |     7 ||    22
  Eat: Chunk             |     4 |     4 |     8 |    21 ||    37
       Ration            |       |       |     1 |     1 ||     2
Armor: Robe              |     5 |     2 |       |       ||     7
       Ring mail         |       |     8 |    86 |    69 ||   163
Dodge: Dodged            |     9 |     9 |    75 |    58 ||   151

Table legend:
 A = Non-vault XP
 B = Vault XP
 C = Vault XP percentage of total XP
 D = Non-vault monster count
 E = Vault monster count
 F = Vault count percentage of total count
                 A         B        C        D         E       F
            +---------+---------+-------+---------+---------+-------
      Total |   28944 |    7896 |  21.4 |     275 |      65 |  19.1
            +---------+---------+-------+---------+---------+-------
        D:1 |      27 |       0 |   0.0 |      17 |       0 |   0.0
        D:2 |      15 |       0 |   0.0 |       9 |       0 |   0.0
        D:3 |      51 |     325 |  86.4 |      10 |      12 |  54.5
        D:4 |     477 |     592 |  55.4 |      18 |      10 |  35.7
        D:5 |     477 |     249 |  34.3 |      20 |      10 |  33.3
        D:6 |    1024 |     223 |  17.9 |      19 |       2 |   9.5
        D:7 |    1791 |     656 |  26.8 |      37 |      10 |  21.3
        D:8 |    1431 |     521 |  26.7 |      18 |       2 |  10.0
        D:9 |    2372 |     637 |  21.2 |      17 |       8 |  32.0
       D:10 |    1173 |       0 |   0.0 |      21 |       0 |   0.0
       D:11 |     634 |       0 |   0.0 |       5 |       0 |   0.0
     Lair:1 |    7501 |    1026 |  12.0 |      34 |       1 |   2.9
     Lair:2 |    4271 |     466 |   9.8 |      22 |       1 |   4.3
     Lair:3 |    1183 |    3082 |  72.3 |       7 |       8 |  53.3
     Lair:4 |    5264 |       0 |   0.0 |      17 |       0 |   0.0
     Lair:5 |    1253 |     119 |   8.7 |       4 |       1 |  20.0
            +---------+---------+-------+---------+---------+-------
